 Dungeon Crawl Stone Soup version 0.30-a0-1116-gebefce21f7 (webtiles) character file.

Game seed: 9261924510517766990

53 mandoloar the Stinger (level 3, 22/22 HPs)
             Began as an Octopode Venom Mage on Apr 22, 2023.
             Was an Initiate of Ru.
             Quit the game on level 2 of the Dungeon.
             The game lasted 00:03:22 (1711 turns).

mandoloar the Stinger (Octopode Venom Mage)         Turns: 1711, Time: 00:03:22

Health: 22/22      AC:  1    Str: 13    XL:     3   Next: 87%
Magic:  6/6        EV: 13    Int: 19    God:    Ru [......]
Gold:   62         SH:  0    Dex: 12    Spells: 3/6 levels left

rFire   . . .      SeeInvis .    a - +0 flail
rCold   . . .      Faith    .    (no shield)
rNeg    . . .      Spirit   .    (helmet restricted)
rPois   .          Reflect  .    (no amulet)
rElec   .          Rampage  .    h - +6 ring of strength
rCorr   .                        (no ring)
Will    .....                    (no ring)
Stlth   +++                      (no ring)
HPRegen 0.23/turn                (no ring)
MPRegen 0.10/turn                (no ring)
                                 (no ring)
                                 (no ring)

@: no status effects
A: almost no armour, amphibious, 8 rings, camouflage 1, gelatinous body 1,
(nimble swimmer 1), tentacles
a: Renounce Religion


You were on level 2 of the Dungeon.
You worshipped Ru.
Ru was noncommittal.
You visited 1 branch of the dungeon, and saw 2 of its levels.

You collected 62 gold pieces.

Inventory:

Hand Weapons
 a - a +0 flail (weapon)
Missiles
 j - 2 stones
Jewellery
 h - a +6 ring of strength (left tentacle)
Scrolls
 d - a scroll of enchant weapon {unknown}
 e - a scroll of vulnerability {unknown}
 g - 2 scrolls of identify {unknown}
 i - a scroll of poison {unknown}
 k - 2 scrolls of fog {unknown}
 l - a scroll of blinking {unknown}
Potions
 b - a potion of magic
 c - 2 potions of curing {unknown}
 f - a potion of mutation {unknown}
 m - a potion of might {unknown}


   Skills:
 + Level 0.9 Fighting
 + Level 2.4 Dodging
 + Level 3.3 Stealth
 + Level 1.0 Unarmed Combat
 + Level 2.2 Spellcasting
 + Level 1.6 Transmutations
 + Level 4.0 Poison Magic


You had 3 spell levels left.
You knew the following spells:

 Your Spells              Type           Power      Damage    Failure   Level
a - Sting                 Tmut/Pois      48%        1d5       5%          1
b - Poisonous Vapours     Pois/Air       18%        N/A       11%         2

Your spell library contained the following spells:

 Spells                   Type           Power      Damage    Failure   Level
 Mephitic Cloud           Conj/Pois/Air  7%         N/A       28%         3
 Olgreb's Toxic Radiance  Pois           17%        N/A       32%         4


Dungeon Overview and Level Annotations

Branches:
Dungeon (2/15)

Altars:
Ru


Innate Abilities, Weirdness & Mutations

You cannot wear most types of armour.
You are amphibious.
You can wear up to eight rings at the same time.
Your skin changes colour to match your surroundings (Stealth+).
Your rubbery body absorbs attacks. (AC +1, EV +1)
((You are camouflaged when in or above water. (Stealth+)))
You have tentacles for arms and can constrict up to eight enemies at once.


Message History

Aiming: Poisonous Vapours (safe; 12% risk of failure)
Press: ? - help, Dir - move target, f/p - Natasha
Aim: Natasha (lightly wounded)
You miscast Poisonous Vapours.
You are very lightly contaminated with residual magic.
Nothing appears to happen.
The sting hits Natasha.
Natasha is poisoned.
Natasha is heavily wounded.
Natasha casts a spell at you.
You feel yourself slow down. Natasha barely misses you.
The cerulean imp hits you from afar with a +1 spear.
You closely miss Natasha. Your grab misses Natasha.
Natasha is severely wounded.
Natasha claws you.
The cerulean imp hits you from afar with a +1 spear.
Natasha claws you.
The cerulean imp hits you from afar with a +1 spear.
* * * LOW HITPOINT WARNING * * *
Natasha claws you but does no damage. The cerulean imp barely misses you.
You hit Natasha.
You kill Natasha!
Suddenly Natasha's spirit rises from her lifeless body.
The cerulean imp disappears in a puff of smoke!
Your magical contamination has completely faded away.
Your Unarmed Combat skill increases to level 1!
Your Poison Magic skill increases to level 4!
You start resting.
You feel yourself speed up.
You start resting.
Magic restored.
You start resting.
HP restored.
There is a faded altar of an unknown god here.
This altar belongs to (a) Ru, (b) Makhleb or (c) Qazlal, but you can't tell which.
Press the corresponding letter to learn more about a god, or press enter to convert or escape to cancel.
Ru accepts your prayer! Ru welcomes you!
Unknown command.
Press < or > to pray at altars.
Are you sure you want to abandon this character and quit the game? (Confirm with "yes".)

#...# #...#####
#....##.. #.#.....#
## ###.###..#. ###.
........... ##..
#..##.#.#..
#.?#####..###......
#.@................
#######.###.....###
#.# #.#...#
#)###.....#
#####.........##♣
.##.....##........P
..5.$(.....##.....P
....h.....##...)))P
..........##..##..P


There were no monsters in sight!

Vanquished Creatures
  Natasha (D:2)
  A gnoll (D:1)
  3 ball pythons (D:1)
  An endoplasm (D:1)
  A giant cockroach (D:2)
  A goblin (D:1)
  4 kobolds
  3 quokkas
  2 bats (D:1)
  A frilled lizard (D:2)
  2 rats
20 creatures vanquished.

Notes
Turn   | Place    | Note
-------+----------+-------------------------------------------
     0 | D:1      | mandoloar the Octopode Venom Mage began the quest for the
                  | Orb.
     0 | D:1      | Reached XP level 1. HP: 11/11 MP: 3/3
   277 | D:1      | Reached XP level 2. HP: 8/18 MP: 0/5
   325 | D:1      | Learned a level 2 spell: Poisonous Vapours
   822 | D:1      | Reached XP level 3. HP: 22/22 MP: 6/6
  1621 | D:2      | Noticed Natasha
  1627 | D:2      | Found a faded altar of an unknown god.
  1632 | D:2      | Killed Natasha
  1633 | D:2      | Reached skill level 1 in Unarmed Combat
  1633 | D:2      | Reached skill level 4 in Poison Magic
  1710 | D:2      | Prayed at the altar of an unknown god.
  1710 | D:2      | Became a worshipper of Ru the Awakened
  1711 | D:2      | Quit the game

Illustrated notes

Levels and vault maps discovered:
D:1:      grunt_arrival_crossed_arrows, layout_basic, minmay_misc_feat_iff,
          minivault_26, nicolae_concentric_dashed_squares_mild,
          dreamdust_princess_corridor
D:2:      layout_rooms, basic_ecumenical_altar, uniq_crazy_yiuf_cottage,
          uniq_natasha, uniq_sigmund

Skill      XL: |  1  2  3 |
---------------+----------+-----
Stealth        | 3 |  3.3
Unarmed Combat | 1 |  1.0
Poison Magic   | 4 |  4.0
Fighting       | |  0.9
Dodging        | |  2.4
Spellcasting   | |  2.2
Transmutations | |  1.6

Action                     || total
---------------------------++-------
  Melee: Dagger            ||     7
         Tentacles         ||     3
         Constrict         ||     4
         Unarmed           ||     1
         Flail             ||    15
   Cast: Sting             ||     4
         Poisonous Vapours ||    18
   Stab: Sleeping          ||     4
 Armour: Skin              ||     1
  Dodge: Dodged            ||    21

Table legend: (Time is in decaauts)
 A = Elapsed time spent in this place.
 B = Non-inter-level travel time spent in this place.
 C = Inter-level travel time spent in this place.
 D = Time resting spent in this place.
 E = Time spent auto-exploring this place.
 F = Levels seen in this place.
 G = Mean time per level.
                   A        B        C        D        E       F      G
               +--------+--------+--------+--------+--------+-----+--------+
         Total |   1721 |   1634 |     87 |    452 |   1008 |   2 |  860.5 |
       Dungeon |   1721 |   1634 |     87 |    452 |   1008 |   2 |  860.5 |
               +--------+--------+--------+--------+--------+-----+--------+

Top non-repeatable levels by time:
     D:1: 1435 daAuts
     D:2: 285 daAuts
